 Dungeon Crawl Stone Soup version 0.30-a0-636-g200c5c4a83 (webtiles) character file.

Game seed: 12931676612298283908

10727 Bnni the Slicer (level 11, 0/60 HPs)
             Began as a Vine Stalker Brigand on Jan 15, 2023.
             Was a Follower of Uskayaw.
             Slain by a minotaur
             ... wielding a staff of conjuration
              (23 damage)
             ... in a Gauntlet.
             The game lasted 00:17:57 (8307 turns).

Bnni the Slicer (Vine Stalker Brigand)              Turns: 8307, Time: 00:17:58

Health: 0/60       AC: 11    Str: 17    XL:     11   Next: 66%
Magic:  0/16       EV: 15    Int: 11    God:    Uskayaw [*.....]
Gold:   759        SH:  5    Dex: 14    Spells: 10/10 levels left

rFire   + . .      SeeInvis .    I - +6 rapier (speed)
rCold   . . .      Faith    .    z - +0 buckler
rNeg    . . .      Spirit   +    u - +4 ring mail "Jadiff" {Will++ Str+2 Dex-5 Slay+3}
rPois   .          Reflect  .    (no helmet)
rElec   .          Harm     .    c - +0 cloak
rCorr   .          Rampage  .    t - +0 pair of gloves
Will    +++..      NoTele   +    (no boots)
Stlth   +++                      i - amulet of the acrobat
HPRegen 1.10/turn                m - +5 ring of evasion
MPRegen 0.15/turn                D - ring of protection from fire

@: studying Spellcasting
A: fangs 3, regeneration 1, magic shield, antimagic bite, no potion heal 2
a: Renounce Religion, Stomp


You were in a Gauntlet.
You worshipped Uskayaw.
Uskayaw was noncommittal.
You visited 1 branch of the dungeon, and saw 11 of its levels.
You also visited: Gauntlet.

You collected 759 gold pieces.

Inventory:

Hand Weapons
 C - a +1 dagger of venom
 I - a +6 rapier of speed (weapon)
Missiles
 d - 11 poisoned darts (quivered)
 e - 2 curare-tipped darts
Armour
 c - a +0 cloak (worn)
 f - the -2 pair of gloves of Tegediz {Stlth+}
   (You found it in a Gauntlet)

   Stlth:     It makes you more stealthy.
 t - a +0 pair of gloves (worn)
 u - the +4 ring mail "Jadiff" (worn) {Will++ Str+2 Dex-5 Slay+3}
   (You found it on level 3 of the Dungeon)

   Str:       It affects your strength (+2).
   Dex:       It affects your dexterity (-5).
   Slay:      It affects your accuracy & damage with ranged weapons and melee
   (+3).
   Will:      It greatly increases your willpower.
 z - a +0 buckler (worn)
Jewellery
 i - an amulet of the acrobat (around neck)
 m - a +5 ring of evasion (left hand)
 D - a ring of protection from fire (right hand)
 M - the ring of Jett {rElec rPois rCorr Int+8 Dex-4}
   (You found it on level 9 of the Dungeon)

   [ring of resist corrosion]

   Int:       It affects your intelligence (+8).
   Dex:       It affects your dexterity (-4).
   rElec:     It insulates you from electricity.
   rPois:     It protects you from poison.
   rCorr:     It protects you from acid and corrosion.
 S - a ring of poison resistance
 T - a ring of ice
Wands
 s - a wand of mindburst (9)
 G - a wand of charming (19)
 O - a wand of polymorph (5)
 P - a wand of iceblast (9)
 Q - a wand of flame (10)
Scrolls
 a - a scroll of enchant weapon {unknown}
 b - 2 scrolls of vulnerability
 k - 3 scrolls of poison {unknown}
 n - 8 scrolls of teleportation {unknown}
 o - a scroll of magic mapping
 q - a scroll of torment
 r - 4 scrolls of summoning
 w - 3 scrolls of enchant armour {unknown}
 y - 2 scrolls of fog
 A - 3 scrolls of silence
 B - a scroll of fear
 F - a scroll of blinking
 J - a scroll of amnesia {unknown}
Potions
 g - 8 potions of curing
 h - 2 potions of berserk rage
 j - 3 potions of might {unknown}
 l - a potion of attraction {unknown}
 p - 3 potions of brilliance
 v - 2 potions of mutation
 x - 2 potions of cancellation
 E - 2 potions of magic {unknown}
 H - 3 potions of haste {unknown}
 K - a potion of ambrosia {unknown}
 L - 2 potions of heal wounds {unknown}
 N - 2 potions of flight {unknown}
 R - 2 potions of invisibility


   Skills:
 + Level 8.4 Fighting
 * Level 11.8 Short Blades
 - Level 1.7 Throwing
 - Level 0.7 Dodging
 + Level 8.1 Stealth
 - Level 4.0 Shields
 + Level 6.5 Invocations


You had 10 spell levels left.
You didn't know any spells.
Your spell library contained the following spells:

 Spells                   Type           Power      Damage    Failure   Level
 Beastly Appendage        Tmut           0%         N/A       65%         1
 Foxfire                  Conj/Fire      0%         2x1d4     65%         1
 Freeze                   Ice            0%         1d3       65%         1
 Magic Dart               Conj           0%         1d3       65%         1
 Shock                    Conj/Air       0%         1d3       65%         1
 Call Imp                 Summ           0%         N/A       78%         2
 Wereblood                Tmut           0%         N/A       78%         2
 Dazzling Flash           Conj/Hex       0%         N/A       95%         3
 Frozen Ramparts          Ice            0%         1d1       95%         3
 Hailstorm                Conj/Ice       0%         3d3       95%         3
 Ignite Poison            Fire/Tmut/Pois 0%         N/A       95%         3
 Inner Flame              Hex/Fire       0%         N/A       95%         3
 Mephitic Cloud           Conj/Pois/Air  0%         N/A       95%         3
 Ozocubu's Armour         Ice            0%         N/A       95%         3
 Spider Form              Tmut/Pois      0%         N/A       95%         3
 Airstrike                Air            0%         2d(0-16)  100%        4
 Animate Dead             Necr           0%         N/A       100%        4
 Cause Fear               Hex            0%         N/A       100%        4
 Flame Wave               Conj/Fire      0%         2d4       100%        4
 Summon Lightning Spire   Summ/Air       0%         N/A       100%        4
 Agony                    Necr           0%         N/A       100%        5
 Borgnjor's Vile Clutch   Necr/Erth      0%         N/A       100%        5
 Fireball                 Conj/Fire      0%         3d3       100%        5
 Lightning Bolt           Conj/Air       0%         1d11      100%        5
 Silence                  Hex/Air        0%         N/A       100%        5
 Death Channel            Necr           0%         N/A       100%        6
 Starburst                Conj/Fire      0%         6d3       100%        6
 Ozocubu's Refrigeration  Ice            0%         4d7       100%        7
 Discord                  Hex            0%         N/A       100%        8
 Chain Lightning          Conj/Air       0%         N/A       100%        9


Dungeon Overview and Level Annotations

Branches:
Dungeon (11/15)            Temple (0/1) D:7            Lair (0/5) D:11
Gauntlet (1/1)
    Orc: D:9-12

Altars:
Ashenzari
Cheibriados
Elyvilon
Fedhas
Gozag
Nemelex Xobeh
Qazlal
Ru
Trog
Uskayaw
Vehumet
Wu Jian
Zin

Annotations:
Gauntlet 6 transporters


Innate Abilities, Weirdness & Mutations

You have razor-sharp teeth.
Your natural rate of healing is unusually fast.
When hurt, damage is shared between your health and your magic reserves.
Your bite disrupts and absorbs the magic of your enemies.
Potions cannot restore your health.


Message History

The minotaur is heavily wounded.
You block the minotaur's attack. The minotaur gores you.
You puncture the minotaur! You bite the minotaur! You drain its power.
You feel invigorated.
The minotaur is severely wounded.
You can now pass through a line of other dancers.
You hit the minotaur.
You bite the minotaur, but do no damage.
The minotaur is severely wounded.
The minotaur drinks a potion.
The minotaur goes berserk!
You barely miss the minotaur.
You bite the minotaur, but do no damage.
The minotaur is severely wounded.
You hit the minotaur but do no damage.
The minotaur is severely wounded.
The minotaur hits you with a staff of conjuration!
The minotaur barely misses you.
You closely miss the minotaur. You bite the minotaur. You drain its power.
You feel invigorated.
The minotaur is severely wounded.
You hit the minotaur but do no damage.
You bite the minotaur, but do no damage.
The minotaur is severely wounded.
The minotaur hits you but does no damage.
The minotaur blasts you. The minotaur gores you!
Okay, then.
Okay, then.
Aiming: Line Pass
Press: ? - help, Dir - move target, p - minotaur The minotaur appears confused.
You can no longer pass through a line of other dancers.
The minotaur seems less confused.
The minotaur misses you. The minotaur gores you!
You block the minotaur's attack. The minotaur closely misses you.
You hit the minotaur but do no damage.
The minotaur is severely wounded.
You hit the minotaur but do no damage. Your bite misses the minotaur.
The minotaur is severely wounded.
The minotaur hits you with a staff of conjuration!!
You die...

###...#..# .#...|#..#####
©#..#.#..#≈8≈#
####.©#..#..§######
.#..#)#..#.8§##...#
.#..."#..#...##.#.#
###...#..#.8....#.#
.....D#..#...##.#.#
#######..#...##H@.# +###
........≈#.©.##.#.##.⌠H.#
........∩#......#.'....⌠+
........≈#.©.##.#.##∩...#
#######..#...##...# .⌠.#
#.....#..#...##.#.# +##
..##^.#..#.8....#.#
#.^#.|#..#...##.#.#
..##..#..#.8.##...#


You could see a minotaur (berserk, poisoned).

Vanquished Creatures
  A sixfirhy (Gauntlet)
  Pikel (D:8)
  A gargoyle (D:10)
  3 trolls
  The ghost of WienerDreamer the Trooper, an amateur HOFi (D:4)
  A wolf spider simulacrum (Gauntlet)
  A hornet (D:8)
  Prince Ribbit (D:5)
  Grinder (D:5)
  Sigmund (D:4)
  A slime creature (D:7)
  2 centaur simulacra (Gauntlet)
  A ynoxinul (Gauntlet)
  Eustachio (D:6)
  9 yaks
  2 wraiths (D:9)
  A steam dragon (D:8)
  4 vampire mosquitoes (D:10)
  Menkaure (D:5)
  An acid dragon (D:10)
  Duvessa (D:7)
  3 orc warriors
  3 ice beasts
  3 sky beasts
  2 black bears
  An ice dragon simulacrum (Gauntlet)
  5 centaurs
  3 lemures (D:8)
  3 bullfrogs
  Blork the orc (D:6)
  3 necrophages
  A gnoll sergeant (D:8)
  4 scorpions
  5 wights (D:7)
  Dowan (D:7)
  5 killer bees
  6 howler monkeys
  4 hounds
  3 jellies
  8 orc priests
  A gnoll bouda (D:7)
  4 iron imps (Gauntlet)
  3 iguanas
  17 orc wizards
  A statue (D:9)
  A boggart simulacrum (Gauntlet)
  5 gnolls (D:8)
  5 adders
  A white imp (D:7)
  4 ufetubi (Gauntlet)
  2 worms
  A dart slug (D:3)
  33 orcs
  6 bats
  5 endoplasms
  2 giant cockroaches (D:2)
  6 goblins
  9 hobgoblins
  6 jackals
  6 kobolds
  2 quokkas
  13 ball pythons
  3 frilled lizards
  8 rats
244 creatures vanquished.

Vanquished Creatures (others)
  30 demonic plants (Gauntlet)
  2 plants (D:5)
  2 withered plants (D:4)
34 creatures vanquished.

Grand Total: 278 creatures vanquished

Notes
Turn   | Place    | Note
-------+----------+-------------------------------------------
     0 | D:1      | Bnni the Vine Stalker Brigand began the quest for the Orb.
     0 | D:1      | Reached XP level 1. HP: 11/11 MP: 2/2
    30 | D:1      | Reached skill level 2 in Short Blades
   141 | D:1      | Found a faded altar of an unknown god.
   145 | D:1      | Reached XP level 2. HP: 15/15 MP: 3/3
   503 | D:1      | Reached XP level 3. HP: 18/18 MP: 4/4
   900 | D:2      | Reached skill level 3 in Short Blades
   930 | D:2      | Found a hide-covered altar of Uskayaw.
   939 | D:2      | Became a worshipper of Uskayaw the Reveller
  1101 | D:2      | Reached * piety under Uskayaw
  1150 | D:2      | Reached ** piety under Uskayaw
  1244 | D:2      | Gained mutation: Your natural rate of healing is unusually
                  | fast. [Vine Stalker growth]
  1244 | D:2      | Reached XP level 4. HP: 23/23 MP: 5/5
  1544 | D:3      | Found a sacrificial altar of Ru.
  1562 | D:3      | Got the Verses on Hurting and the Pyre
  1609 | D:3      | Noticed a necrophage
  1620 | D:3      | Killed a necrophage
  1621 | D:3      | Reached skill level 4 in Short Blades
  1621 | D:3      | Reached XP level 5. HP: 28/28 MP: 1/6
  2085 | D:3      | Identified the +4 ring mail "Jadiff" {Will++ Str+2 Dex-5
                  | Slay+3}
  2495 | D:4      | Found a runed translucent door.
  2542 | D:4      | Found a bloodstained altar of Trog.
  2559 | D:4      | Noticed Sigmund
  2570 | D:4      | Killed Sigmund
  2570 | D:4      | Reached *** piety under Uskayaw
  2571 | D:4      | Reached skill level 5 in Short Blades
  2571 | D:4      | Reached XP level 6. HP: 33/33 MP: 7/7
  2716 | D:4      | Reached XP level 7. HP: 37/37 MP: 8/8
  2921 | D:4      | Noticed WienerDreamer's ghost (amateur HOFi)
  2932 | D:4      | Found a glowing silver altar of Zin.
  2933 | D:4      | Found an opulent altar of Gozag.
  3276 | D:4      | Killed WienerDreamer's ghost
  3277 | D:4      | Reached skill level 6 in Short Blades
  3327 | D:5      | Entered Level 5 of the Dungeon
  3340 | D:5      | Reached **** piety under Uskayaw
  3343 | D:5      | Reached ***** piety under Uskayaw
  3344 | D:5      | Gained mutation: You have razor-sharp teeth. [Vine Stalker
                  | growth]
  3344 | D:5      | Reached XP level 8. HP: 42/42 MP: 9/9
  3468 | D:5      | Noticed Menkaure
  3482 | D:5      | Killed Menkaure
  3654 | D:5      | Noticed Grinder
  3656 | D:5      | Noticed Prince Ribbit
  3665 | D:5      | Killed Grinder
  3666 | D:5      | Reached skill level 7 in Short Blades
  3670 | D:5      | Killed Prince Ribbit
  3671 | D:5      | Reached skill level 5 in Fighting
  3875 | D:5      | Reached XP level 9. HP: 47/47 MP: 10/10
  4198 | D:6      | Noticed Blork the orc
  4205 | D:6      | Killed Blork the orc
  4206 | D:6      | Reached skill level 8 in Short Blades
  4251 | D:6      | Noticed Eustachio
  4264 | D:6      | Killed Eustachio
  4294 | D:6      | Reached skill level 1 in Invocations
  4390 | D:6      | Found a white marble altar of Elyvilon.
  4462 | D:6      | Reached skill level 9 in Short Blades
  4670 | D:7      | Reached ****** piety under Uskayaw
  4758 | D:7      | Found a staircase to the Ecumenical Temple.
  4803 | D:7      | Identified a scroll of acquirement
  4910 | D:7      | Found an ornate altar of the Wu Jian Council.
  5140 | D:7      | Noticed a troll
  5171 | D:7      | Killed a troll
  5172 | D:7      | Reached XP level 10. HP: 53/53 MP: 13/13
  5235 | D:7      | Reached skill level 10 in Short Blades
  5278 | D:7      | Acquired a +6 rapier of speed
  5383 | D:7      | Noticed Duvessa
  5386 | D:7      | Noticed Dowan
  5395 | D:7      | Killed Duvessa
  5402 | D:7      | Killed Dowan
  5586 | D:8      | Noticed Pikel
  5600 | D:8      | Reached skill level 5 in Stealth
  5602 | D:8      | Killed Pikel
  5638 | D:8      | Identified the +4 halberd "Lyokhama" {venom, rCorr Str+3}
  5655 | D:8      | Paralysed by a hornet for 1 turns
  6056 | D:8      | Found a broken altar of Ashenzari.
  6376 | D:9      | Identified the ring of Jett {rElec rPois rCorr Int+8 Dex-4}
  6390 | D:9      | Found a snail-covered altar of Cheibriados.
  6393 | D:9      | Reached skill level 5 in Invocations
  6685 | D:9      | Found a radiant altar of Vehumet.
  7084 | D:10     | Entered Level 10 of the Dungeon
  7116 | D:10     | Reached XP level 11. HP: 60/60 MP: 16/16
  7354 | D:10     | Found a stormy altar of Qazlal.
  7355 | D:10     | Found a blossoming altar of Fedhas.
  7382 | D:10     | Found a sparkling altar of Nemelex Xobeh.
  7462 | D:10     | Reached skill level 11 in Short Blades
  7905 | D:11     | Found a gate leading to a gauntlet.
  7927 | Gauntlet | Entered a Gauntlet
  7927 | Gauntlet | Found a transporter.
  7927 | Gauntlet | Found a transporter.
  7928 | Gauntlet | Found a transporter.
  7931 | Gauntlet | Found a transporter.
  7931 | Gauntlet | Found a transporter.
  7933 | Gauntlet | Found a transporter.
  7933 | Gauntlet | Noticed a sixfirhy
  7934 | Gauntlet | Noticed a soul eater
  7945 | Gauntlet | Found a transporter.
  7945 | Gauntlet | Found a transporter.
  7955 | Gauntlet | Found a transporter.
  7978 | Gauntlet | Noticed an eight-headed hydra
  8056 | Gauntlet | Found a transporter.
  8060 | Gauntlet | Found a transporter.
  8072 | Gauntlet | Found a transporter.
  8185 | Gauntlet | Killed a sixfirhy
  8271 | Gauntlet | Identified the -2 pair of gloves of Tegediz {Stlth+}
  8284 | Gauntlet | Noticed a minotaur
  8307 | Gauntlet | Slain by a minotaur

Illustrated notes

Levels and vault maps discovered:
D:1:      saegor_arrival_under_anarchy, layout_rooms,
          shapermc_ecumenical_altar_notcrosses, nicolae_eternal_life,
          supply_closet_lemuel, chequers_serial_rivers_micro_b, glass_columns_b
D:2:      layout_loops_ring, basic_altar
D:3:      minmay_angry_zag, layout_basic, mainiacjoe_overflow_catwalk
D:4:      layout_loops_ring, grunt_temple_overflow_gold_and_silver,
          amcnicky_altar_gilded, gammafunk_ghost_grave,
          kennysheep_generic_room_14, uniq_sigmund
D:5:      wad_lake_hut, layout_basic, serial_glass, glass_columns_a,
          glass_columns_b, glass_columns_c, glass_columns_a, minmay_small_thing,
          uniq_grinder, uniq_prince_ribbit1, uniq_menkaure
D:6:      layout_basic, nicolae_overflow_crystal_walls, nrook_mini_vaults,
          minivault_1, uniq_eustachio, uniq_blork_the_orc
D:7:      minmay_octagon_keep, layout_loops_ring, general_overflow_altar,
          minmay_temple_entry_water_ring, uniq_duvessa
D:8:      layout_gridville, mainiacjoe_overflow_cross_hatched, uniq_pikel
D:9:      layout_loops_ring, lemuel_coloured_pillars_altar, vehumet_statue,
          kennysheep_generic_room_7
D:10:     layout_loops_ring, gammafunk_temple_overflow_forgotten,
          kennysheep_generic_room_5
D:11:     layout_loops_ring, grunt_lair_entry_orc_guard_hut,
          gauntlet_entry_generic, kiku_gazebo_pond_becter
Gauntlet: gammafunk_gauntlet_hard_choice [gammafunk_gauntlet_arena_split_x,
          gammafunk_gauntlet_arena_grid, gammafunk_gauntlet_arena_arrow_garden,
          gammafunk_gauntlet_arena_hedges, nicolae_gauntlet_arena_t_cross,
          gammafunk_gauntlet_arena_teeth, gauntlet_exit_hidden_loot]

Skill      XL: |  1  2  3  4  5  6  7  8  9 10 11 |
---------------+----------------------------------+-----
Short Blades   | 2 3 4 5 6 7 9 10 11 | 11.8
Fighting       | 2 3 4 5 6 7 8 |  8.4
Shields        | 2 4 |  4.0
Invocations    | 3 5 6 |  6.5
Stealth        | 6 8 |  8.1
Throwing       | |  1.7
Dodging        | |  0.7

Action                   |  1- 3 |  4- 6 |  7- 9 | 10-12 || total
-------------------------+-------+-------+-------+-------++-------
Melee: Dagger            |    99 |   101 |   258 |    43 ||   501
       Bite              |    22 |    28 |    81 |   121 ||   252
       Punch             |       |       |     1 |       ||     1
       Rapier            |       |       |       |   284 ||   284
Throw: Dart              |       |       |     1 |     2 ||     3
Invok: Line Pass         |       |     1 |     1 |     1 ||     3
Evoke: Wand              |       |       |     6 |       ||     6
  Use: Scroll            |       |       |    11 |     6 ||    17
       Potion            |       |       |       |     2 ||     2
 Stab: Sleeping          |     7 |     6 |     5 |     1 ||    19
       Confused          |       |     1 |       |       ||     1
       Paralysed         |       |       |    10 |    22 ||    32
       Distracted        |       |       |     1 |       ||     1
Armor: Robe              |     7 |       |       |       ||     7
       Ring mail         |    11 |    30 |    31 |    50 ||   122
Dodge: Dodged            |    40 |    60 |    81 |   128 ||   309
Block: Buckler           |       |       |    17 |    51 ||    68

Table legend: (Time is in decaauts)
 A = Elapsed time spent in this place.
 B = Non-inter-level travel time spent in this place.
 C = Inter-level travel time spent in this place.
 D = Time resting spent in this place.
 E = Time spent auto-exploring this place.
 F = Levels seen in this place.
 G = Mean time per level.
                   A        B        C        D        E       F      G
               +--------+--------+--------+--------+--------+-----+--------+
         Total |   8010 |   7734 |    276 |     56 |   6239 |  12 |  667.5 |
       Dungeon |   7670 |   7394 |    276 |     14 |   6097 |  11 |  697.3 |
      Gauntlet |    340 |    340 |      0 |     42 |    142 |   1 |  340.0 |
               +--------+--------+--------+--------+--------+-----+--------+

Top non-repeatable levels by time:
     D:3: 971 daAuts
     D:7: 872 daAuts
     D:4: 837 daAuts
     D:1: 798 daAuts
     D:8: 741 daAuts
    D:10: 736 daAuts
     D:5: 706 daAuts
     D:9: 690 daAuts
     D:2: 679 daAuts
     D:6: 580 daAuts
Gauntlet: 340 daAuts
    D:11: 57 daAuts
